 Dungeon Crawl Stone Soup version 0.20-a0-629-gc37eb77 (webtiles) character file.

66 nubinia the Magician (level 3, -3/19 HPs)
             Began as a Deep Elf Air Elementalist on Feb 10, 2017.
             Slain by Messajah's ghost (5 damage)
             ... on level 3 of the Dungeon.
             The game lasted 00:09:48 (1934 turns).

nubinia the Magician (Deep Elf Air Elementalist)    Turns: 1934, Time: 00:09:49

Health: -3/19      AC:  4    Str:  5    XL:     3   Next: 96%
Magic:  7/10       EV: 13    Int: 20    God:
Gold:   40         SH:  0    Dex: 15    Spells: 4/10 levels left

rFire    . . .     SeeInvis .   i - +0 dagger
rCold    . . .     Gourm    .   a - +0 robe
rNeg     . . .     Faith    .   (no shield)
rPois    .         Spirit   .   (no helmet)
rElec    .         Reflect  .   m - +0 cloak
rCorr    .         Harm     .   (no gloves)
MR       .....                  q - +0 pair of boots
Stlth    ++........             (no amulet)
Regen    0.1/turn               (no ring)
                                (no ring)

@: no status effects
A: no striking features
a: no special abilities


You were on level 3 of the Dungeon.
You were not hungry.

You visited 1 branch of the dungeon, and saw 3 of its levels.

You collected 40 gold pieces.

Inventory:

Hand Weapons
 i - a +0 dagger (weapon)
Armour
 a - a +0 robe (worn)
 e - quicksilver dragon scales
 m - a +0 cloak (worn)
 q - a +0 pair of boots (worn)
Scrolls
 g - 2 scrolls of teleportation {unknown}
 j - 3 scrolls of identify {unknown}
 p - 3 scrolls of enchant armour {unknown}
 t - a scroll of fog {unknown}
 u - a scroll of enchant weapon {unknown}
Potions
 d - a potion of might {unknown}
 f - a potion of heal wounds {unknown}
 k - 3 potions of lignification {unknown}
 l - a potion of curing {unknown}
 n - a potion of mutation {unknown}
 o - a potion of invisibility {unknown}
 s - a potion of flight {unknown}
Books
 b - a book of Air

   Spells                             Type                      Level
   a - Shock                          Conjuration/Air              1
   b - Swiftness                      Charms/Air                   2
   c - Static Discharge               Conjuration/Air              3
   d - Airstrike                      Air                          4
   e - Lightning Bolt                 Conjuration/Air              5
Comestibles
 c - 2 bread rations
 h - 2 royal jellies
 r - a chunk of flesh


   Skills:
 + Level 0.2 Fighting
 + Level 2.5 Dodging
 + Level 2.6 Stealth
 + Level 4.3 Spellcasting
 + Level 1.9 Conjurations
 + Level 3.7 Air Magic


You had 4 spell levels left.
You knew the following spells:

 Your Spells              Type           Power        Failure   Level  Hunger
a - Shock                 Conj/Air       ###.         4%          1    None
b - Swiftness             Chrm/Air       ##......     12%         2    #......
c - Static Discharge      Conj/Air       ###.....     14%         3    ###....


Dungeon Overview and Level Annotations

Branches:
Dungeon (3/15)

Altars:
Cheibriados

Annotations:
D:2 Sigmund
D:3 Messajah's ghost, amateur CeHu


Message History

Messajah's ghost says, "Do you have an apple?
I have a shot I want to try."
Messajah's ghost barely misses you.
You hear the rusting of a distant drain.
Messajah's ghost hits you but does no damage.
Found a robe.
Messajah's ghost closely misses you. Messajah's ghost hits you.
* * * LOW HITPOINT WARNING * * *
Messajah's ghost barely misses you.
Casting: Shock
Confirm with . or Enter, or press ? or * to list all spells.
Messajah's ghost is struck by lightning.
Messajah's ghost is lightly damaged.
The lightning arcs!
You are struck by lightning.
* * * LOW HITPOINT WARNING * * *
The lightning arcs!
Messajah's ghost is struck by lightning.
Messajah's ghost is moderately damaged.
The lightning grounds out.
Messajah's ghost hits you.
You die...

#....#........####..........#.###
.......####...#......)....#..)#
####....##......###########...###
####..........## #.)....
##..........##..# #...###
........###..#..# #..##
###......###..#.# #..#
#............##### #..#
###########...@..#########.#
##...W.......# ### ###.........#
#....$...[# ###########


You could see Messajah's ghost.

Vanquished Creatures
  2 adders (D:2)
  A dart slug (D:2)
  2 leopard geckos
  2 orcs (D:3)
  3 bats
  A giant cockroach (D:1)
  5 goblins
  8 hobgoblins
  A quokka (D:2)
  8 frilled lizards
  5 kobolds
  4 rats (D:1)
42 creatures vanquished.

Notes
Turn   | Place    | Note
-------+----------+-------------------------------------------
     0 | D:1      | nubinia the Deep Elf Air Elementalist began the quest for the Orb.
     0 | D:1      | Reached XP level 1. HP: 10/10 MP: 6/6
   285 | D:1      | Reached XP level 2. HP: 14/15 MP: 2/8
   363 | D:1      | Learned a level 2 spell: Swiftness
  1066 | D:2      | Reached skill level 4 in Spellcasting
  1066 | D:2      | Reached XP level 3. HP: 19/19 MP: 6/10
  1071 | D:2      | Learned a level 3 spell: Static Discharge
  1245 | D:2      | Noticed Sigmund
  1481 | D:2      | Found a snail-covered altar of Cheibriados.
  1807 | D:3      | Noticed Messajah's ghost (amateur CeHu)
  1934 | D:3      | Slain by Messajah's ghost

Vault maps used:
D:1:      onia_arrival_mini_spirals
D:2:      first_bread, kennysheep_slug_shrine, uniq_sigmund, uniq_iyjb,
          uniq_terence
D:3:      portal_sewer_entry_d, uniq_jessica

Skill      XL: |  1  2 |
---------------+-------+-----
Spellcasting   | 4 |  4.3
Fighting       | |  0.2
Dodging        | |  2.5
Stealth        | |  2.6
Conjurations   | |  1.9
Air Magic      | |  3.7

Action                   || total
-------------------------++-------
Melee: Dagger            ||    22
 Cast: Shock             ||    83
       Static Discharge  ||     1
 Stab: Sleeping          ||     1
  Eat: Chunk             ||     3
Armor: Robe              ||    14
Dodge: Dodged            ||    26
